AoeStats
← MXFXAlpha

Arabia

509942201Analyzed
1v1 RM · 2d ago on Sep 28, 2026· 54m 16s· 2 players
Game mode
Random Map
Map size
Tiny (2 player)
Population
200
Speed
Normal
Resources
Standard
Victory
Conquest
Starting age
Dark Age
Ending age
Imperial Age
RankedLock teamsTeams togetherTeam positionsShared explorationLock speedFull tech treeHidden civsTurbo modeCheats
Victory
Defeat
🇬🇧 Persians · United Kingdom
832
+15
🇲🇽 Khmer · Mexico
820
-15
Diositomadsimo
0:28 Loom
11:52 Feudal Age
13:44 Double-Bit Axe
18:47 Stone Mining
18:43 Horse Collar
22:39 Castle Age
22:28 Gold Mining
23:39 Pikeman
26:58 Wheelbarrow
29:34 Hand Cart
29:33 Bloodlines
29:32 Heavy Plow
29:45 Bow Saw
31:18 Husbandry
35:22 Ballistics
35:48 Tusk Swords
40:33 Imperial Age
38:14 Scale Barding Armor
38:21 Forging
38:24 Padded Archer Armor
38:43 Murder Holes
41:30 Gold Shaft Mining
41:12 Elite Ballista Elephant
42:14 Conscription
42:01 Fletching
42:27 Leather Archer Armor
43:30 Chemistry
44:35 Chain Barding Armor
44:12 Bodkin Arrow
44:48 Ring Archer Armor
44:22 Scale Mail Armor
48:02 Light Cavalry
MXFXAlpha
8:33 Loom
10:32 Feudal Age
15:52 Castle Age
14:01 Horse Collar
15:43 Bloodlines
18:12 Double-Bit Axe
19:25 Bow Saw
20:08 Heavy Plow
20:59 Squires
22:18 Stone Mining
26:29 Wheelbarrow
25:41 Town Watch
31:07 Imperial Age
28:51 Padded Archer Armor
29:32 Husbandry
28:58 Elite Skirmisher
29:44 Thumb Ring
29:05 Crossbowman
29:55 Gold Mining
29:31 Pikeman
32:33 Hand Cart
33:21 Two-Man Saw
32:53 Crop Rotation
32:47 Conscription
32:28 Kamandaran
32:46 Cavalier
33:25 Fletching
33:38 Scale Mail Armor
33:43 Scale Barding Armor
33:49 Forging
33:53 Elite Skirmisher
35:14 Hoardings
35:07 Bodkin Arrow
35:29 Leather Archer Armor
35:29 Chain Mail Armor
36:27 Ballistics
37:10 Chemistry
36:05 Murder Holes
36:31 Light Cavalry
37:40 Chain Barding Armor
37:56 Iron Casting
37:54 Masonry
39:00 Town Patrol
39:44 Ring Archer Armor
39:26 Hussar
41:10 Architecture
41:43 Citadels
42:27 Plate Barding Armor
42:52 Blast Furnace
42:24 Plate Mail Armor
43:38 Savar
49:18 Halberdier
Connection lost

Rejoining the realm…

Still unreachable

The connection could not be restored.

Session expired

The server has moved on; the page needs a fresh start.